[Event "ICC tourney 2171 (3 2)"]
[Site "Internet Chess Club"]
[Date "2020.12.04"]
[Round "3"]
[White "akshajp"]
[Black "abelMZ084"]
[Result "1-0"]
[ICCResult "Black resigns"]
[WhiteElo "1160"]
[BlackElo "1234"]
[Opening "Queen's pawn: Chigorin variation"]
[ECO "D00"]
[NIC "QP.08"]
[Time "22:32:32"]
[TimeControl "180+2"]

1. d4 d5 2. Nc3 Nf6 3. Bf4 e6 4. f3 Bd6 5. Qd2 Nbd7 6. O-O-O c6 7. Bxd6 Nb6
8. Bc5 Nc4 9. Qg5 Qa5 10. e4 b6 11. Bxc4 dxc4 12. Qxg7 Rg8 13. Qxf6 bxc5 14.
d5 Rb8 15. d6 Kf8 16. d7 Ba6 17. d8=Q+ Rxd8 18. Rxd8+ {Black resigns} 1-0

[Event "ICC tourney 2171 (3 2)"]
[Site "Internet Chess Club"]
[Date "2020.12.04"]
[Round "3"]
[White "chiringuito"]
[Black "BreatheChessAls"]
[Result "1-0"]
[ICCResult "Black resigns"]
[WhiteElo "1626"]
[BlackElo "1683"]
[Opening "English: Wimpey system"]
[ECO "A01"]
[NIC "VO.08"]
[Time "22:32:29"]
[TimeControl "180+2"]

1. b3 Nf6 2. Bb2 d5 3. e3 c5 4. Nf3 e6 5. c4 Be7 6. Be2 Nc6 7. O-O d4 8.
exd4 cxd4 9. d3 O-O 10. Re1 e5 11. Bf1 Bg4 12. a3 a5 13. Nbd2 Bd6 14. Qc2 b6
15. h3 Bh5 16. Ng5 Bg6 17. g3 Rc8 18. Bg2 Nb8 19. Nge4 Nxe4 20. Nxe4 Bxe4
21. Bxe4 f5 22. Bd5+ Kh8 23. b4 axb4 24. axb4 Bxb4 25. Rxe5 Bd6 26. Re6 Bxg3
27. fxg3 Qxd5 28. cxd5 Rxc2 29. Bxd4 Rd2 30. Re7 Rg8 31. Raa7 Rxd3 32. Bxg7+
Rxg7 33. Rxg7 Rxd5 34. Rxh7+ Kg8 35. Rhb7 Nc6 36. Ra8+ Rd8 37. Rxd8+ Nxd8
38. Rb8 {Black resigns} 1-0

[Event "ICC tourney 2171 (3 2)"]
[Site "Internet Chess Club"]
[Date "2020.12.04"]
[Round "3"]
[White "TjkTiger"]
[Black "JohnnyHop98"]
[Result "1-0"]
[ICCResult "Black resigns"]
[WhiteElo "2310"]
[BlackElo "1734"]
[Opening "English: four knights, Nimzovich variation"]
[ECO "A28"]
[NIC "EO.09"]
[Time "22:32:42"]
[TimeControl "180+2"]

1. c4 e5 2. Nc3 Nf6 3. Nf3 Nc6 4. e4 Nd4 5. Nxd4 exd4 6. Nb5 Nxe4 7. Qe2 Qe7
8. Nxc7+ Kd8 9. Nxa8 d3 10. Qe3 Qe6 11. Bxd3 Nc5 12. Be2 Qxe3 13. fxe3 b6
14. Bf3 Bb7 15. d4 Bxf3 16. gxf3 Nd3+ 17. Ke2 Nxc1+ 18. Raxc1 Kc8 19. c5 Kb7
20. cxb6 axb6 21. Nc7 {Black resigns} 1-0

[Event "ICC tourney 2171 (3 2)"]
[Site "Internet Chess Club"]
[Date "2020.12.04"]
[Round "3"]
[White "chessfidebullet"]
[Black "avocuddle"]
[Result "1/2-1/2"]
[ICCResult "White stalemated"]
[WhiteElo "1062"]
[BlackElo "1434"]
[Opening "Caro-Kann: closed (Breyer) variation"]
[ECO "B10"]
[NIC "CK.01"]
[Time "22:32:35"]
[TimeControl "180+2"]

1. e4 c6 2. d3 d5 3. c4 dxe4 4. Nc3 exd3 5. Bxd3 Nf6 6. Nf3 Bg4 7. Bg5 Nbd7
8. O-O e6 9. Ne4 Be7 10. Bf4 Nxe4 11. Bxe4 Nf6 12. Bb1 Qxd1 13. Rxd1 Bxf3
14. gxf3 Rd8 15. Rxd8+ Bxd8 16. Be3 a6 17. Be4 Nxe4 18. fxe4 Bf6 19. Rb1 O-O
20. Bc5 Rd8 21. b4 Rd2 22. b5 cxb5 23. cxb5 axb5 24. Rxb5 Rxa2 25. Rxb7 h6
26. Kg2 Rc2 27. Rb8+ Kh7 28. Be3 Kg6 29. Kf3 Be5 30. h4 Bxb8 31. Kg4 h5+ 32.
Kh3 Rc3 33. Kg2 Rxe3 34. fxe3 Kf6 35. Kf3 Ke5 36. Ke2 Kxe4 37. Kf2 Ba7 38.
Ke2 Bxe3 39. Ke1 Kf3 40. Kf1 Bf2 {White stalemated} 1/2-1/2

[Event "ICC tourney 2171 (3 2)"]
[Site "Internet Chess Club"]
[Date "2020.12.04"]
[Round "3"]
[White "Kyle45"]
[Black "avbhosale"]
[Result "1-0"]
[ICCResult "Black checkmated"]
[WhiteElo "1386"]
[BlackElo "1199"]
[Opening "Scotch: Schmidt variation"]
[ECO "C45"]
[NIC "SO.04"]
[Time "22:32:26"]
[TimeControl "180+2"]

1. e4 e5 2. Nf3 Nc6 3. d4 exd4 4. Nxd4 Nf6 5. Nc3 Bc5 6. Be3 d5 7. Nxc6 bxc6
8. Bxc5 Nxe4 9. Nxe4 dxe4 10. Qxd8+ Kxd8 11. O-O-O+ Ke8 12. Bc4 Rb8 13. Bb3
Bg4 14. Rde1 Bd7 15. Rxe4+ Kd8 16. Rd1 Re8 17. Red4 Kc8 18. Rxd7 Rb5 19.
Bxa7 Ra5 20. Be3 Kb7 21. Bxf7 Re4 22. a3 Ka6 23. Rxc7 Rf5 24. Ra7+ Kb5 25.
c4+ Rxc4+ 26. Bxc4+ Kxc4 27. Rd4+ Kb3 28. Rb4+ Ka2 29. Rd7 Rh5 30. Kc2 Rxh2
31. a4 Rxg2 32. a5 Rg1 33. a6 Ra1 34. a7 Rb1 35. a8=Q# {Black checkmated}
1-0

[Event "ICC tourney 2171 (3 2)"]
[Site "Internet Chess Club"]
[Date "2020.12.04"]
[Round "3"]
[White "hggonzalezzss"]
[Black "GrandPatzer5"]
[Result "0-1"]
[ICCResult "White resigns"]
[WhiteElo "1460"]
[BlackElo "1919"]
[Opening "Scandinavian defense"]
[ECO "B01"]
[NIC "SD.03"]
[Time "22:32:34"]
[TimeControl "180+2"]

1. e4 d5 2. exd5 Nf6 3. Nf3 Nxd5 4. c4 Nb6 5. d4 g6 6. h3 Bg7 7. Be2 O-O 8.
O-O Nc6 9. Be3 e5 10. d5 Ne7 11. Nc3 Nf5 12. Qc2 Nd4 13. Bxd4 exd4 14. Nb5
Bf5 15. Bd3 a6 16. Nbxd4 Bxd3 17. Qxd3 Qf6 18. Rab1 Nd7 19. b4 Rae8 20. Rfe1
Ne5 21. Nxe5 Rxe5 22. Rxe5 Qxe5 23. Nf3 Qf4 24. Re1 Bf6 25. Re4 Qc1+ 26. Kh2
Qb2 27. a3 Qxf2 28. Re2 Qf1 29. c5 Kg7 30. Qd2 Qa1 31. Qd3 Qc1 32. d6 cxd6
33. cxd6 Rd8 34. d7 Qf4+ 35. Kg1 Qc7 36. Ne5 Bxe5 37. Rc2 Qxd7 38. Qe2 Qd4+
39. Kh1 Qd1+ {White resigns} 0-1

[Event "ICC tourney 2171 (3 2)"]
[Site "Internet Chess Club"]
[Date "2020.12.04"]
[Round "3"]
[White "Drachekokosnuss"]
[Black "IshanVannadil"]
[Result "0-1"]
[ICCResult "White resigns"]
[WhiteElo "1718"]
[BlackElo "1564"]
[Opening "Ruy Lopez: closed, 7...d6, 8.d4"]
[ECO "C87"]
[NIC "RL.16"]
[Time "22:32:30"]
[TimeControl "180+2"]

1. e4 e5 2. Nf3 Nc6 3. Bb5 a6 4. Ba4 Nf6 5. O-O Be7 6. Re1 d6 7. d4 b5 8.
Bb3 O-O 9. d5 Na5 10. c3 c5 11. Bc2 Bg4 12. Nbd2 h6 13. Nf1 Nh5 14. h3 Bxf3
15. Qxf3 Nf6 16. Ng3 Nc4 17. Nf5 Kh7 18. g4 g5 19. h4 Kg6 20. Nxe7+ Qxe7 21.
Qf5+ Kg7 22. hxg5 hxg5 23. Bxg5 Rh8 24. Be3 Rag8 25. f3 Rh3 26. g5 Rg3+ 27.
Kf2 Nh5 28. Rh1 Nxe3 29. Kxe3 Rxg5 30. Qh3 Qf6 31. Rag1 Qf4+ 32. Ke2 Ng3+
33. Rxg3 Rxg3 34. Qh6+ Qxh6 35. Rxh6 Kxh6 36. Kf2 Rg2+ 37. Ke3 Rxc2 38. f4
exf4+ 39. Kxf4 Rxb2 40. Kf5 Rxa2 41. Kf6 Rf2+ 42. Ke7 a5 43. Kxd6 a4 44.
Kxc5 a3 45. d6 a2 46. d7 a1=Q 47. d8=Q Rxd8 48. Kb6 {White resigns} 0-1

[Event "ICC tourney 2171 (3 2)"]
[Site "Internet Chess Club"]
[Date "2020.12.04"]
[Round "3"]
[White "TheChessShark"]
[Black "blackjack721"]
[Result "1-0"]
[ICCResult "Black checkmated"]
[WhiteElo "1368"]
[BlackElo "1241"]
[Opening "Queen's pawn game"]
[ECO "B07"]
[NIC "QP.07"]
[Time "22:32:35"]
[TimeControl "180+2"]

1. d4 Nf6 2. Nc3 d6 3. e4 e6 4. Bg5 Be7 5. f4 h6 6. Bh4 c6 7. e5 Nd5 8. Bxe7
Qxe7 9. Ne4 Nxf4 10. Nxd6+ Kd8 11. Qf3 Ng6 12. Nxf7+ Kc7 13. Nxh8 Nd7 14.
Nxg6 Qb4+ 15. Qc3 Qb6 16. Bc4 c5 17. Nf3 Nb8 18. O-O-O Bd7 19. dxc5 Qxc5 20.
Rd6 Nc6 21. Rxd7+ Kb6 22. Qb3+ Ka5 23. Rxb7 Nd4 24. Qc3+ Ka4 25. b3+ Nxb3+
26. axb3+ Ka3 27. Qa1# {Black checkmated} 1-0

[Event "ICC tourney 2171 (3 2)"]
[Site "Internet Chess Club"]
[Date "2020.12.04"]
[Round "3"]
[White "stephenwilly"]
[Black "Openyagami"]
[Result "0-1"]
[ICCResult "White checkmated"]
[WhiteElo "1599"]
[BlackElo "2677"]
[Opening "Sicilian: Labourdonnais-Löwenthal variation"]
[ECO "B32"]
[NIC "SI.32"]
[Time "22:32:31"]
[TimeControl "180+2"]

1. e4 c5 2. Nf3 Nc6 3. d4 cxd4 4. Nxd4 e5 5. Nf3 Nf6 6. Bc4 Bb4+ 7. c3 Be7
8. O-O O-O 9. Re1 d6 10. Bg5 Bg4 11. Nbd2 Kh8 12. h3 Be6 13. Bb3 Nh5 14.
Bxe7 Qxe7 15. Nxe5 Nf4 16. Nxc6 bxc6 17. Qf3 Qg5 18. Bxe6 fxe6 19. Rad1 d5
20. e5 Qg6 21. Qg3 Qxg3 22. fxg3 Nd3 23. Rf1 Nxb2 24. Rb1 Nd3 25. Rf3 Rxf3
26. Nxf3 h6 27. Rd1 Nc5 28. Nd4 Rc8 29. Rf1 Kg8 30. a4 Nxa4 31. Nxe6 Nxc3
32. Nc5 Re8 33. e6 Ne4 34. Nd7 Rxe6 35. Rf8+ Kh7 36. Ra8 Rd6 37. Nf8+ Kg8
38. Ng6+ Kf7 39. Nh8+ Kf6 40. Rxa7 d4 41. Rf7+ Ke6 42. Rf4 Kd5 43. Ng6 Rxg6
44. Rf5+ Kc4 45. Rf4 Nxg3 46. Kf2 Rf6 47. Kxg3 Rxf4 48. Kxf4 d3 49. Ke3 Kc3
50. Kf2 d2 51. Ke2 Kc2 52. Ke3 d1=Q 53. Ke4 Qd5+ 54. Kf4 Qxg2 55. Kf5 Qxh3+
56. Ke4 Qe6+ 57. Kf4 g5+ 58. Kg3 Qf5 59. Kh2 Qg4 60. Kh1 Kd2 61. Kh2 Ke2 62.
Kh1 Kf2 63. Kh2 Qh4# {White checkmated} 0-1

[Event "ICC tourney 2171 (3 2)"]
[Site "Internet Chess Club"]
[Date "2020.12.04"]
[Round "3"]
[White "pmchess98"]
[Black "Goran21"]
[Result "0-1"]
[ICCResult "White checkmated"]
[WhiteElo "1427"]
[BlackElo "1801"]
[Opening "Sicilian: Alapin's variation (2.c3)"]
[ECO "B22"]
[NIC "SI.46"]
[Time "22:32:32"]
[TimeControl "180+2"]

1. e4 c5 2. c3 g6 3. d4 cxd4 4. cxd4 d5 5. e5 Nc6 6. h3 Qb6 7. Nf3 Bf5 8.
Bd3 Bxd3 9. Qxd3 Nb4 10. Qb3 e6 11. O-O Rc8 12. Nc3 Ne7 13. a3 Nbc6 14. Qxb6
axb6 15. Nb5 Nf5 16. Be3 Nxe3 17. fxe3 Be7 18. Rac1 Rf8 19. b4 Kd7 20. Nd2
Bg5 21. Rf3 Nxe5 22. Rxc8 Nxf3+ 23. Nxf3 Bxe3+ 24. Kh2 Rxc8 25. Ne5+ Ke7 26.
Kg3 f6 27. Nf3 g5 28. h4 Bf4+ 29. Kf2 g4 30. Ne1 Rc1 31. g3 Bxg3+ 32. Kxg3
Rxe1 33. Kxg4 Re3 34. h5 h6 35. Kf4 Re4+ 36. Kg3 e5 37. dxe5 fxe5 38. Kf3
Rh4 39. Nc7 d4 40. Nd5+ Kd6 41. Nxb6 Rxh5 42. Nc4+ Kd5 43. Na5 Rh3+ 44. Kg4
Rxa3 45. Nxb7 d3 46. Kf3 e4+ 47. Ke3 Ra2 48. Nc5 Re2+ 49. Kf4 d2 50. Nxe4
Rxe4+ 51. Kf3 d1=Q+ 52. Kf2 Qd3 53. b5 Re2+ 54. Kf1 Qd1# {White checkmated}
0-1

[Event "ICC tourney 2171 (3 2)"]
[Site "Internet Chess Club"]
[Date "2020.12.04"]
[Round "3"]
[White "jaumevivesb"]
[Black "chesswarriors12"]
[Result "1/2-1/2"]
[ICCResult "Game drawn by repetition"]
[WhiteElo "1317"]
[BlackElo "1404"]
[Opening "Giuoco Pianissimo: Italian four knights variation"]
[ECO "C47"]
[NIC "RG.01"]
[Time "22:32:46"]
[TimeControl "180+2"]

1. e4 e5 2. Nf3 Nf6 3. Nc3 Nc6 4. Bc4 Bc5 5. d3 h6 6. O-O d6 7. h3 Be6 8.
Be3 Bxc4 9. dxc4 Bb6 10. Nd5 Nxd5 11. cxd5 Bxe3 12. fxe3 Ne7 13. b4 O-O 14.
c4 Ng6 15. Rc1 Nh4 16. c5 f5 17. Qd3 Nxf3+ 18. Rxf3 fxe4 19. Qxe4 Rxf3 20.
Qxf3 Qf8 21. e4 Re8 22. Qxf8+ Rxf8 23. cxd6 cxd6 24. Rc7 Rf7 25. Rc8+ Rf8
26. Rc7 Rf7 27. Rc8+ Kh7 28. Rd8 Rf4 29. Rxd6 Rxe4 30. Re6 Rxb4 31. d6 Rd4
32. Kf2 Kg8 33. Ke3 Rd1 34. Re8+ Kh7 35. Re6 Kg8 36. Re8+ Kh7 37. Re6 Kg8
38. Re8+ Kh7 39. Re6 Kg8 {Game drawn by repetition} 1/2-1/2

[Event "ICC tourney 2171 (3 2)"]
[Site "Internet Chess Club"]
[Date "2020.12.04"]
[Round "3"]
[White "Hamlett144"]
[Black "ConnorGo"]
[Result "0-1"]
[ICCResult "White forfeits on time"]
[WhiteElo "1308"]
[BlackElo "1270"]
[Opening "Caro-Kann: classical, 6.h4"]
[ECO "B18"]
[NIC "CK.11"]
[Time "22:32:32"]
[TimeControl "180+2"]

1. e4 c6 2. d4 d5 3. Nc3 dxe4 4. Nxe4 Bf5 5. Ng3 Bg6 6. h4 h6 7. h5 Bh7 8.
Bd3 Bxd3 9. Qxd3 e6 10. Nf3 Nf6 11. Ne4 Nxe4 12. Qxe4 Be7 13. O-O Nd7 14. c4
Nf6 15. Qe5 Bd6 16. Qe2 O-O 17. Ne5 Re8 18. c5 Bb8 19. Qc4 Nxh5 20. g4 Nf6
21. g5 Nd5 22. gxh6 gxh6 23. Bxh6 Qf6 24. Bd2 Qg7+ 25. Kh1 f6 26. Ng4 Kf7
27. Rg1 Rh8+ 28. Nh6+ Rxh6+ 29. Bxh6 Qxh6+ 30. Kg2 Nf4+ 31. Kf1 Qh3+ 32. Ke1
Bc7 {White forfeits on time} 0-1

[Event "ICC tourney 2171 (3 2)"]
[Site "Internet Chess Club"]
[Date "2020.12.04"]
[Round "3"]
[White "jy2020"]
[Black "KRASAVCHIK"]
[Result "1/2-1/2"]
[ICCResult "Game drawn by repetition"]
[WhiteElo "1827"]
[BlackElo "3001"]
[Opening "Ruy Lopez: modern Steinitz defense"]
[ECO "C75"]
[NIC "RL.11"]
[Time "22:32:33"]
[TimeControl "180+2"]

1. e4 e5 2. Nf3 Nc6 3. Bb5 a6 4. Ba4 d6 5. c3 Bd7 6. O-O g6 7. d4 Bg7 8. Re1
b5 9. Bc2 exd4 10. cxd4 Bg4 11. Be3 Nge7 12. Nc3 O-O 13. h3 Bxf3 14. gxf3
Qd7 15. Kg2 f5 16. Ne2 Kh8 17. Rc1 f4 18. Nxf4 Nxd4 19. Bxd4 Rxf4 20. Be3
Rff8 21. f4 Rae8 22. Bb3 Nc6 23. Bd5 Nd8 24. Qc2 c5 25. Rcd1 Ne6 26. Bxe6
Qxe6 27. f3 Bd4 28. Bxd4+ cxd4 29. Rxd4 Rxf4 30. Qd2 Ref8 31. Rxd6 Qxa2 32.
Qd4+ Kg8 33. Rd7 R4f7 34. Rxf7 Qxf7 35. Re3 a5 36. e5 Qe6 37. Qd6 Qxd6 38.
exd6 Rd8 39. Re5 b4 40. Rd5 Kf7 41. Kf2 Ke6 42. Rxa5 Rxd6 43. Ke3 Rc6 44.
Rb5 Rc4 45. f4 Kf6 46. Kf3 Kg7 47. Kg4 Kh6 48. Rb6 Rd4 49. h4 Rc4 50. h5 Kg7
51. hxg6 hxg6 52. Kg5 Rc5+ 53. Kg4 Rc4 54. Kg5 Rc5+ 55. Kg4 Rc4 56. Kg5
{Game drawn by repetition}
1/2-1/2

[Event "ICC tourney 2171 (3 2)"]
[Site "Internet Chess Club"]
[Date "2020.12.04"]
[Round "3"]
[White "SicilianEnding"]
[Black "Shakhmatova"]
[Result "1-0"]
[ICCResult "Black resigns"]
[WhiteElo "1777"]
[BlackElo "1538"]
[Opening "QP counter-gambit (elephant gambit)"]
[ECO "C40"]
[NIC "KP.10"]
[Time "22:32:33"]
[TimeControl "180+2"]

1. e4 e5 2. Nf3 d5 3. exd5 e4 4. Qe2 Nf6 5. Nc3 Be7 6. Nxe4 O-O 7. d3 Re8 8.
Be3 Nxd5 9. O-O-O Nxe3 10. fxe3 f5 11. Nc3 Nc6 12. Qf2 Be6 13. Kb1 Nb4 14.
h4 h6 15. Ne5 Qd6 16. d4 c6 17. Rg1 f4 18. exf4 Bf5 19. Bd3 Nxd3 20. Nxd3
Bf6 21. Ne5 b5 22. g4 Bh7 23. g5 hxg5 24. hxg5 Bxe5 25. dxe5 Qe6 26. Rd6 Qf5
27. g6 Rxe5 28. gxh7+ Kh8 29. Qg3 Re7 30. Rg6 Rae8 31. a3 a5 32. Rg5 Qf7 33.
f5 b4 34. axb4 axb4 35. Nd1 Ra7 36. b3 Qf6 37. Nb2 Rea8 38. Na4 Rxa4 39.
bxa4 b3 40. Qxb3 Qd6 41. Rxg7 c5 42. Rg8+ Kxh7 43. Rxa8 c4 44. Qh3+ Qh6 45.
Rh8+ {Black resigns} 1-0

[Event "ICC tourney 2171 (3 2)"]
[Site "Internet Chess Club"]
[Date "2020.12.04"]
[Round "3"]
[White "A4-H5"]
[Black "Pugnacious"]
[Result "0-1"]
[ICCResult "White checkmated"]
[WhiteElo "1819"]
[BlackElo "1717"]
[Opening "Bird's opening"]
[ECO "A03"]
[NIC "VO.07"]
[Time "22:32:34"]
[TimeControl "180+2"]

1. f4 d5 2. Nf3 Nf6 3. b3 c5 4. e3 Bg4 5. Bb2 e6 6. Bb5+ Nc6 7. O-O Be7 8.
Qe1 O-O 9. a3 Ne4 10. Bxc6 bxc6 11. Ne5 Bf5 12. Nxc6 Qc7 13. Nxe7+ Qxe7 14.
d3 Nf6 15. Qh4 c4 16. g4 Bxg4 17. Nd2 Bf5 18. e4 dxe4 19. dxe4 Qc5+ 20. Kg2
c3 21. exf5 cxb2 22. Rae1 Qxc2 23. Rf2 Qxf5 24. Nc4 b1=Q 25. Re5 Qfe4+ 26.
Rxe4 Qxe4+ 27. Kg3 Rad8 28. Qg5 Rd3+ 29. Kh4 Qg6 30. Ne5 Qxg5+ 31. fxg5 Rd4+
32. Kh3 Ne4 33. Rf1 Nxg5+ 34. Kg3 f6 35. Nc6 Rd3+ 36. Kf4 Rxb3 37. h4 Nf7
38. h5 e5+ 39. Kf5 Re8 40. h6 Nd6+ 41. Kg4 Rxa3 42. hxg7 Ra4+ 43. Kh5 Rf4
44. Rg1 e4 45. Nd4 e3 46. Ne2 Rf2 47. Re1 Rxe2 48. Rxe2 Nc4 49. Kh6 f5 50.
Re1 e2 51. Kg5 Na3 52. Kh6 Nc2 53. Rc1 e1=Q 54. Rxe1 Rxe1 55. Kg5 a5 56. Kf6
a4 57. Kg5 a3 58. Kf4 a2 59. Kg5 a1=Q 60. Kh6 Qf6+ 61. Kh5 Rh1#
{White checkmated}
0-1

[Event "ICC tourney 2171 (3 2)"]
[Site "Internet Chess Club"]
[Date "2020.12.04"]
[Round "3"]
[White "yogokings12"]
[Black "python0812"]
[Result "0-1"]
[ICCResult "White resigns"]
[WhiteElo "1518"]
[BlackElo "1511"]
[Opening "Sicilian: dragon, Yugoslav attack"]
[ECO "B75"]
[NIC "SI.17"]
[Time "22:32:43"]
[TimeControl "180+2"]

1. e4 c5 2. Nf3 d6 3. d4 cxd4 4. Nxd4 Nf6 5. Nc3 g6 6. Be3 Bg7 7. f3 a6 8.
Qd2 h5 9. Be2 b5 10. a3 Bb7 11. h4 Nbd7 12. Bg5 Rc8 13. Nb3 Ne5 14. Rd1 Qc7
15. Nd4 Nc4 16. Bxc4 Qxc4 17. Nde2 Nd7 18. Bxe7 d5 19. Bg5 O-O 20. Bh6 Rfe8
21. Bxg7 Kxg7 22. Qd4+ Ne5 23. Qxc4 Nxc4 24. Nxd5 Nxb2 25. Rb1 Rxc2 26. Nd4
Rc4 27. O-O Rxd4 28. Rxb2 Bxd5 29. exd5 Rxd5 30. Rb3 Red8 31. Kh2 Rd2 32.
Kg3 Ra2 33. Rc1 Rdd2 34. Rg1 f5 35. Rc3 Kf6 36. Rc6+ Ke5 37. Rxa6 f4+ 38.
Kh3 Kf5 39. Ra5 Rd5 40. Rb1 Rdd2 41. Raxb5+ Ke6 42. Rg1 Rxa3 43. Rb6+ Kf5
44. Rb5+ Kf6 45. Rg5 Rf2 46. Rb5 Re3 47. Rb6+ Kf5 48. Rb5+ Kf6 49. Rb6+ Kf5
50. Rb5+ Re5 51. Rd5 Rxd5 {White resigns} 0-1

[Event "ICC tourney 2171 (3 2)"]
[Site "Internet Chess Club"]
[Date "2020.12.04"]
[Round "3"]
[White "DrKnight01"]
[Black "wildrumpus"]
[Result "1-0"]
[ICCResult "Black checkmated"]
[WhiteElo "1286"]
[BlackElo "1415"]
[Opening "Caro-Kann: advance variation"]
[ECO "B12"]
[NIC "CK.04"]
[Time "22:32:39"]
[TimeControl "180+2"]

1. e4 c6 2. d4 d5 3. e5 Bf5 4. Nc3 e6 5. Nf3 c5 6. Bd3 Bxd3 7. Qxd3 Nc6 8.
Bd2 Qb6 9. O-O-O cxd4 10. Ne2 Bc5 11. Be1 Nge7 12. Nexd4 Nxd4 13. Nxd4 Bxd4
14. Qxd4 Qxd4 15. Rxd4 Nc6 16. Rg4 Nxe5 17. Rxg7 Ng6 18. Bc3 Kf8 19. Rxg6
hxg6 20. Bxh8 Ke7 21. Bc3 b5 22. h4 a5 23. b3 b4 24. Bb2 f6 25. h5 gxh5 26.
Rxh5 Rg8 27. g3 e5 28. Rh7+ Ke6 29. Ra7 Rh8 30. Rxa5 Rh1+ 31. Kd2 Rh2 32.
Ke2 d4 33. Ra6+ Kf5 34. Ra5 Ke4 35. Rb5 f5 36. Rxb4 f4 37. gxf4 Kxf4 38. a4
Ke4 39. a5 Rh6 40. Rb6 Rh8 41. a6 Ra8 42. b4 Kd5 43. Rh6 Rc8 44. Kd3 e4+ 45.
Kd2 e3+ 46. fxe3 dxe3+ 47. Kxe3 Rxc2 48. Bg7 Rc3+ 49. Bxc3 Kc4 50. a7 Kb5
51. a8=Q Kc4 52. Rc6+ Kb3 53. Qg8+ Kc2 54. Be5+ Kb1 55. Qg1+ Ka2 56. Rc2+
Kb3 57. Qb1+ Ka4 58. Ra2+ Kb5 59. Ra5+ Kc6 60. Qc2+ Kd7 61. Ra6 Kd8 62. Ra7
Ke8 63. Qc8# {Black checkmated} 1-0

[Event "ICC tourney 2171 (3 2)"]
[Site "Internet Chess Club"]
[Date "2020.12.04"]
[Round "3"]
[White "Aleksandrov73"]
[Black "CaptK"]
[Result "1-0"]
[ICCResult "Black resigns"]
[WhiteElo "2208"]
[BlackElo "2133"]
[Opening "Nimzo-Indian: 4.e3 O-O, 5.Bd3 d5"]
[ECO "E48"]
[NIC "NI.11"]
[Time "22:32:37"]
[TimeControl "180+2"]

1. d4 Nf6 2. c4 e6 3. Nc3 Bb4 4. e3 O-O 5. Bd3 d5 6. cxd5 exd5 7. Ne2 b6 8.
O-O Bb7 9. Qc2 a6 10. a3 Bd6 11. Bd2 g6 12. b4 Nbd7 13. b5 a5 14. f3 Qe7 15.
e4 dxe4 16. fxe4 Nh5 17. a4 Qh4 18. e5 Bb4 19. Be4 Bxe4 20. Qxe4 Qxe4 21.
Nxe4 f5 22. Bxb4 axb4 23. Ng5 Rfe8 24. Rfc1 Ra7 25. Rab1 h6 26. Nh3 Rxa4 27.
Rxc7 Nf8 28. Rc4 Ra2 29. Nef4 Nxf4 30. Nxf4 Rd2 31. Rbxb4 g5 32. Nh5 Ra8 33.
Ra4 Rxa4 34. Rxa4 Ne6 35. d5 Nc5 36. Nf6+ Kf7 37. Ra7+ Kg6 38. d6 Nd3 39. h3
Nxe5 40. Ne8 f4 41. Re7 Kf5 42. Ng7+ Ke4 43. Re6 Rd1+ 44. Kf2 Rd5 45. Ne8
Kd4 46. Nf6 Rxb5 47. Rxe5 Kxe5 48. d7 Rb2+ 49. Ke1 Rb1+ 50. Kd2 Kxf6 51.
d8=Q+ Kg7 52. Qe7+ Kg8 53. Qe6+ Kg7 54. Qe5+ Kg8 55. Qe8+ Kg7 56. Qe7+ Kg8
57. Qf6 b5 58. Qg6+ {Black resigns} 1-0

[Event "ICC tourney 2171 (3 2)"]
[Site "Internet Chess Club"]
[Date "2020.12.04"]
[Round "3"]
[White "DFKnights"]
[Black "Eraser007"]
[Result "0-1"]
[ICCResult "White resigns"]
[WhiteElo "1643"]
[BlackElo "2111"]
[Opening "Alekhine's defense: Scandinavian variation"]
[ECO "B02"]
[NIC "AL.10"]
[Time "22:32:38"]
[TimeControl "180+2"]

1. e4 Nf6 2. Nc3 d5 3. exd5 Nxd5 4. Nf3 c6 5. Be2 g6 6. O-O Bg7 7. Re1 O-O
8. Ne4 Bg4 9. c3 e5 10. h3 Bxf3 11. Bxf3 h6 12. d3 Nd7 13. c4 Ne7 14. g3 Qc7
15. Bg2 Nf5 16. Be3 Nxe3 17. Rxe3 f5 18. Nc3 Rad8 19. Qb3 Nc5 20. Qc2 a5 21.
Na4 Ne6 22. Ree1 Kh7 23. Rad1 Rd4 24. Nc3 Rfd8 25. Ne2 R4d7 26. Bf1 h5 27.
Kg2 c5 28. b3 Qc6+ 29. Kg1 Ng5 30. Bg2 Nf3+ 31. Kh1 Nxe1 32. Rxe1 Qf6 33.
Nc1 h4 34. Qe2 hxg3 35. fxg3 b6 36. Rf1 Bh6 37. g4 Bxc1 38. Rxc1 Rxd3 39.
Bd5 Rxh3+ 40. Kg2 Qh4 41. Qxe5 Rh2+ 42. Qxh2 Qxh2+ 43. Kxh2 Kh6 44. Kg3 Kg5
45. gxf5 gxf5 46. Kf3 Rh8 47. Rg1+ Kf6 48. Kg3 a4 49. Bc6 a3 50. Bd5 Re8 51.
Kf3 Rh8 52. Rg2 Rh1 53. Kf4 Rb1 54. Rg5 Rf1+ 55. Bf3 Rxf3+ 56. Kxf3 Kxg5 57.
Kg3 f4+ 58. Kf3 Kf5 59. Kf2 Ke4 60. Ke2 Kd4 61. Kf3 Kc3 62. Kxf4 Kb2 63. Ke3
Kxa2 64. Kd2 Kb2 {White resigns} 0-1

[Event "ICC tourney 2171 (3 2)"]
[Site "Internet Chess Club"]
[Date "2020.12.04"]
[Round "3"]
[White "Averyyu321"]
[Black "javasri"]
[Result "0-1"]
[ICCResult "White forfeits on time"]
[WhiteElo "1421"]
[BlackElo "1665"]
[Opening "Sicilian: Prins (Moscow) variation"]
[ECO "B55"]
[NIC "SI.01"]
[Time "22:33:21"]
[TimeControl "180+2"]

1. e4 c5 2. Nf3 d6 3. d4 cxd4 4. Nxd4 Nf6 5. f3 a6 6. c4 Nc6 7. Nc3 e6 8.
Be3 Be7 9. Be2 O-O 10. Qd2 Qc7 11. O-O Bd7 12. b3 Rfc8 13. Rac1 Qd8 14. Rfd1
Ne5 15. h3 Rab8 16. f4 Ng6 17. Nf3 b5 18. e5 Ne8 19. exd6 Bf6 20. Bd4 Bxd4+
21. Qxd4 Qb6 22. Kh1 Qxd4 23. Rxd4 b4 24. Nb1 f6 25. Nbd2 e5 26. fxe5 fxe5
27. Rd5 Be6 28. d7 Bxd5 29. dxc8=Q Rxc8 30. Rd1 Bc6 31. Nf1 Nf6 32. Ne3 Ne4
33. Rd6 Ng3+ 34. Kh2 Nxe2 35. Nf5 Bxf3 36. gxf3 Ra8 37. Rd2 Nc3 38. Ne3 Rf8
39. Kg3 Nf4 40. Nd5 Nfe2+ 41. Kf2 Nd4 {White forfeits on time} 0-1

[Event "ICC tourney 2171 (3 2)"]
[Site "Internet Chess Club"]
[Date "2020.12.04"]
[Round "3"]
[White "PearsonH"]
[Black "rishik99"]
[Result "1-0"]
[ICCResult "Black resigns"]
[WhiteElo "1386"]
[BlackElo "1209"]
[Opening "Queen's pawn, Mason variation"]
[ECO "D00"]
[NIC "QP.08"]
[Time "22:32:36"]
[TimeControl "180+2"]

1. d4 d5 2. Bf4 h5 3. e3 e5 4. Bxe5 f6 5. Bf4 g5 6. Qd3 Kf7 7. Bxg5 fxg5 8.
Nf3 Nc6 9. h4 Be7 10. hxg5 Bxg5 11. c3 Bg4 12. Nbd2 Qf6 13. e4 Bxd2+ 14.
Nxd2 dxe4 15. Nxe4 Qe7 16. f3 Bf5 17. g4 Bxe4 18. fxe4 Re8 19. Bg2 Nf6 20.
gxh5 Rxh5 21. Rxh5 Nxh5 22. Qf3+ Kg6 23. O-O-O Qg5+ 24. Kb1 Ne7 25. e5 c6
26. Qd3+ Kh6 27. Be4 Rf8 28. Rh1 Rf4 29. Qe2 Rh4 30. Qg2 Rxh1+ 31. Qxh1 Qf4
32. Bf3 Qf5+ 33. Kc1 Qg5+ 34. Kc2 Kg6 35. Be4+ Kh6 36. Bf3 Nf5 37. Kb3 Ng3
38. Qg2 Qg6 39. d5 cxd5 40. Bxd5 b6 41. e6 Nf4 42. Qh2+ Kg7 43. Bc4 Nxe6 44.
Qh3 Nc5+ 45. Ka3 Nf5 46. b4 Nd6 47. Be2 Ncb7 48. Qd7+ Qf7 49. Qg4+ Kf8 50.
Bf3 Ke8 51. Bxb7 Qxb7 52. Qg8+ Kd7 53. Qg7+ Kc6 54. Qg2+ Kc7 55. Qg7+ Kd8
56. Qf8+ Kd7 57. Qg7+ Ke6 58. Qh6+ Kd5 59. Qg5+ Kc4 60. Qg8+ Qd5 61. Qg4+
Ne4 62. Qc8+ Kd3 63. Kb2 Qc4 64. Qh3+ Ke2 65. Qh2+ Kf3 66. Qh1+ Kf4 67. Qh4+
Ke5 68. Qe7+ Kd5 69. Qf7+ Kc6 70. Qxc4+ Kd6 71. Qxe4 Kc7 72. Qa8 Kd6 73.
Qxa7 b5 74. a4 Ke5 75. axb5 {Black resigns} 1-0